 Dungeon Crawl Stone Soup version 0.31.0-11-ge490571c62 (webtiles) character file.

Game seed: 429230433692641587

4 Goblin1989 the Sneak (level 1, -4/18 HPs)
             Began as a Demonspawn Delver on Feb 2, 2024.
             Was an Initiate of Hepliaklqana.
             Slain by a black bear (6 damage)
             ... on level 3 of the Dungeon.
             The game lasted 00:04:07 (225 turns).

Goblin1989 the Sneak (Demonspawn Delver)             Turns: 225, Time: 00:04:07

Health: -4/18      AC:  4    Str: 12    XL:     1   Next: 58%
Magic:  1/1        EV: 11    Int: 10    God:    Hepliaklqana [......]
Gold:   0          SH:  0    Dex: 14    Spells: 0/0 levels left

rFire   . . .        a - +0 short sword
rCold   . . .        (no shield)
rNeg    . . .        h - +1 leather armour "Icsargh" {Harm rElec SInv}
rPois   .            (no helmet)
rElec   +            (no cloak)
rCorr   .            (no gloves)
SInv    +            (no boots)
Will    .....        (no amulet)
Stlth   +++          (no ring)
HPRegen 0.23/turn    (no ring)
MPRegen 0.07/turn

%: harm (+30% outgoing, +20% incoming)
@: lethally poisoned (-4 -> -6), hasted, very quick
A: no striking features
a: Renounce Religion


You were on level 3 of the Dungeon.
You worshipped Hepliaklqana.
Hepliaklqana was noncommittal.
You visited 2 branches of the dungeon, and saw 4 of its levels.

Inventory:

Hand Weapons
 a - a +0 short sword (weapon)
Armour
 b - a +0 leather armour
 h - the +1 leather armour "Icsargh" (worn) {Harm rElec SInv}
   (You found it on level 4 of the Dungeon)

   rElec:     It insulates you from electricity.
   SInv:      It lets you see invisible.
   Harm:      It increases damage dealt and taken.
Wands
 g - a wand of digging (2) {@v3}
Scrolls
 c - a scroll of fog
 d - a scroll of revelation


   Skills:
 - Level 3.0 Fighting
 - Level 1.7 Short Blades
 - Level 1.7 Dodging
 + Level 4.8 Stealth


You couldn't memorise any spells.
You didn't know any spells.
Your spell library was empty.

Dungeon Overview and Level Annotations

Branches:
Dungeon (5/15) Zot: 17795  Temple (1/1) D:4 Zot: 5983

Altars:
Cheibriados
Dithmenos
Fedhas
Hepliaklqana
Kikubaaqudgha
Okawaru
Qazlal
Ru
Sif Muna
Uskayaw
Vehumet
Wu Jian
Xom
Yredelemnul


Message History

You closely miss the ball python. The ball python bites you.
The ball python constricts you.
You take 2 damage, and have 14/18 hp.
You hit the ball python.
The ball python is severely wounded.
The ball python bites you but does no damage.
The ball python constricts you.
The ball python bites you but does no damage.
The ball python constricts you.
You take 1 damage, and have 13/18 hp.
You closely miss the ball python.
The ball python is severely wounded.
The ball python bites you but does no damage.
The ball python constricts you.
You hit the ball python.
You kill the ball python!
You start removing your armour.
You continue taking off your +0 leather armour. x4
You finish taking off your +0 leather armour.
You start putting on your armour.
You continue putting on the +1 leather armour "Icsargh" {Harm rElec SInv}. x5
You finish putting on the +1 leather armour "Icsargh" {Harm rElec SInv}.
You regained 2 hp, and now have 16/18 hp.
Health restored: 18
There is a fountain of clear blue water here.
There is a staircase to the Ecumenical Temple here.
There is a fountain of clear blue water here.
A quokka comes into view.
The helpless quokka fails to defend itself.
You puncture the quokka!
You kill the quokka!
Found 8 gold pieces.
Found a stone staircase leading up.
A jelly comes into view.
You see here 8 gold pieces.
The jelly quivers.
As you read the scroll of fear, it crumbles to dust.
You assume a fearsome visage.
The jelly looks frightened!
Found 7 stones and a bubbling white potion.
Found a scroll labelled CULE OCRURR.
There is a stone staircase leading up here.
You climb upwards.
You hear the sound of rushing water.
There is an entrance to a sewer on this level.
Hurry and find it before the portal rusts away!
The black bear growls angrily.
The adder hisses angrily.
Found 8 gold pieces.
Found an escape hatch in the floor.
There is a stone staircase leading down here.
You feel yourself speed up. The black bear misses you.
The black bear claws you but does no damage.
The black bear closely misses you.
A hobgoblin comes into view.
An orc comes into view. It is wielding a +0 hand axe.
The hobgoblin attacks as it pursues you!
The hobgoblin hits you.
You take 2 damage, and have 16/18 hp.
The orc shouts!
The black bear attacks as it pursues you!
The black bear barely misses you.
The black bear claws you but does no damage.
The black bear claws you.
You take 1 damage, and have 15/18 hp.
Found a beast talisman.
The adder completely misses you.
An orc comes into view. It is wielding a +0 whip.
An adder comes into view.
The adder hisses angrily.
The orc shouts!
You hit the orc.
The orc is moderately wounded.
You hear a shout!
The adder bites you but does no damage. The orc barely misses you.
An orc comes into view. It is wielding a +0 club.
You hit the orc.
The orc is severely wounded.
The adder bites you but does no damage. The adder bites you.
You are poisoned.
The adder poisons you!
You take 1 damage, and have 15/18 hp.
Unknown command.
You closely miss the orc.
The orc is severely wounded.
You feel sick. The orc barely misses you. The black bear bites you.
The black bear barely misses you. The black bear claws you.
The adder barely misses you. The adder bites you but does no damage.
You take 4 damage, and have 11/18 hp.
MASSIVE DAMAGE!!
You hit the orc.
You kill the orc!
The adder barely misses you.
The black bear bites you but does no damage.
The black bear claws you.
* * * LOW HITPOINT WARNING * * *
The black bear claws you but does no damage.
You take 3 damage, and have 8/18 hp.
You closely miss the orc.
You feel sick. The adder closely misses you. The adder barely misses you.
You take 1 damage, and have 7/18 hp.
You hit the orc.
The orc is severely wounded.
You feel sick. The adder bites you.
* * * LOW HITPOINT WARNING * * *
The black bear bites you.
You die... █... █... .... ████..██ ..%...█ o...█ . . █So█ .█ .. █.@█ █.█ █. █hS█

█..█ █..
█.g███$.████ █...
█..........█
██....█..........█
..........>......█
....>.████.......█
...... █.......█
...██ █.......█


You could see a black bear, 2 adders, 2 orcs and a hobgoblin.

Vanquished Creatures
  An orc (D:3)
  A ball python (D:4)
  A quokka (D:4)
3 creatures vanquished.

Notes
Turn   | Place    | Note
-------+----------+-------------------------------------------
     0 | D:5      | Goblin1989 the Demonspawn Delver began the quest for the
                  | Orb.
     0 | D:5      | Reached XP level 1. HP: 18/18 MP: 1/1
    98 | D:4      | Found a staircase to the Ecumenical Temple.
   107 | Temple   | Entered the Ecumenical Temple
   115 | Temple   | Became a worshipper of Hepliaklqana the Forgotten
   134 | D:4      | Identified the +1 leather armour "Icsargh" {Harm rElec
                  | SInv}
   197 | D:4      | Noticed a jelly
   210 | D:3      | Noticed a black bear
   225 | D:3      | Slain by a black bear

Illustrated notes

Levels and vault maps discovered:
D:3:      layout_basic, lightli_sewer_entry_pipes
D:4:      layout_basic, minmay_temple_entry_antechambers, serial_shops,
          nicolae_square_shop, minmay_misc_feat_four_crosses,
          hangedman_decor_opposing
D:5:      wad_lake_hut, layout_loops_ring, mainiacjoe_overflow_paths,
          serial_shops, nicolae_shop_gaudy_bauble, uniq_ijyb
Temple:   nicolae_temple_x_marks_the_god

Action                     || total
---------------------------++-------
  Melee: Short sword       ||    13
  Evoke: Wand              ||     1
    Use: Scroll            ||     1
         Potion            ||     1
   Stab: Sleeping          ||     1
 Armour: Leather armour    ||    20
  Dodge: Dodged            ||    13
